 Dungeon Crawl Stone Soup version 0.17-b1-15-g0f5fb43 (webtiles) character file.

14054 4thArraOfDagon the Martial Artist (level 11, -17/86 HPs)
             Began as a Demonspawn Assassin on Nov 3, 2015.
             Was an Elder of Cheibriados.
             Demolished by Maud
             ... wielding a +0 demon trident of electrocution
              (23 damage)
             ... on level 3 of the Orcish Mines.
             The game lasted 00:30:07 (5724 turns).

4thArraOfDagon the Martial Artist (DsAs)            Turns: 5724, Time: 00:30:07

Health: -17/86     AC: 17    Str: 22    XL:     11   Next: 83%
Magic:  2/17       EV: 14    Int: 26    God:    Cheibriados [****..]
Gold:   990        SH:  7    Dex: 24    Spells: 0 memorised, 10 levels left

rFire  + + .     SeeInvis .       - Unarmed
rCold  + . .     Clarity  .     z - +0 plate armour {MR+}
rNeg   . . .     SustAt   .     n - +0 buckler {AC+3}
rPois  +         Gourm    .     (helmet restricted)
rElec  +         Spirit   .     d - +1 cloak
rCorr  +         Warding  .     (gloves unavailable)
rMut   .         Stasis   .     j - +0 pair of boots
MR     +....                    J - amulet of inaccuracy (curse)
Stlth  ..........               B - +4 ring of evasion
                                i - ring of protection from fire

@: resistant, very slow, somewhat resistant to hostile enchantments, extremely
unstealthy
A: claws 3, horns 1, rugged brown scales 1, spiny 1, wild magic 1
a: Bend Time, Temporal Distortion, Slouch, Renounce Religion


You were on level 3 of the Orcish Mines.
You worshipped Cheibriados.
Cheibriados was greatly pleased with you.
You were not hungry.

You visited 3 branches of the dungeon, and saw 18 of its levels.

You collected 1126 gold pieces.
You spent 136 gold pieces at shops.

Inventory:

Hand Weapons
 a - a +2 dagger
 b - a +1 blowgun
 m - the +7 long sword "Lesuem" {slice, *Rage *Corrode Str+9 Stlth+, unknown}
   (You found it on level 10 of the Dungeon)

   It inflicts extra damage upon your enemies.
   It affects your strength (+9).
   It may make you go berserk in combat.
   It may corrode your equipment when you take damage.
   It makes you more stealthy.
Missiles
 e - 22 poisoned needles
Armour
 d - a +1 cloak (worn)
 j - a +0 pair of boots (worn)
 n - a +0 buckler of protection (worn)
 w - a troll hide
 x - a cursed +0 buckler
 z - a +0 plate armour of magic resistance (worn)
Jewellery
 i - a ring of protection from fire (left claw)
 k - an uncursed ring of sustain attributes
 q - a cursed amulet of resist corrosion
 B - a +4 ring of evasion (right claw)
 J - a cursed amulet of inaccuracy (around neck)
Wands
 C - a wand of digging (11)
 I - a wand of cold (1)
Scrolls
 r - a scroll of amnesia
 y - a scroll of magic mapping
 D - a scroll of identify
Potions
 p - 4 potions of cancellation
 u - a potion of brilliance
 A - a potion of degeneration
 H - a potion of cure mutation
Books
 l - a book of Death

   Spells                             Type                      Level
   a - Corpse Rot                     Necromancy                   2
   b - Sublimation of Blood           Necromancy                   2
   c - Agony                          Necromancy                   5
   d - Dispel Undead                  Necromancy                   5
   e - Excruciating Wounds            Charms/Necromancy            5
   f - Bolt of Draining               Conjuration/Necromancy       5
 K - a book of the Tempests

   Spells                             Type                      Level
   a - Static Discharge               Conjuration/Air              3
   b - Lightning Bolt                 Conjuration/Air              5
   c - Fireball                       Conjuration/Fire             5
   d - Tornado                        Air                          9
   e - Shatter                        Earth                        9
Comestibles
 c - 5 fruits
 g - 4 bread rations
 h - 5 chunks of flesh
 s - a slice of pizza
 t - 4 meat rations


   Skills:
 + Level 7.0 Fighting
 - Level 1.7 Short Blades
 - Level 1.7 Throwing
 + Level 6.0 Dodging
 - Level 3.6 Stealth
 - Level 5.2 Shields
 * Level 12.7 Unarmed Combat
 + Level 8.9 Invocations


You had 10 spell levels left.
You didn't know any spells.

Dungeon Overview and Level Annotations

Branches:
Dungeon (13/15)            Temple (1/1) D:6             Orc (4/4) D:11
   Lair: D:8-11         Elf: Orc:3-4     Vaults: D:13-14

Altars:
Cheibriados
Gozag
Kikubaaqudgha
Makhleb
Qazlal
Sif Muna
Trog
Vehumet
Xom
Yredelemnul
Zin

Shops:
D:6 ?   Orc:3 (

Annotations:
D:10 Nergalle
D:11 ALRI
Orc:3 Maud


Innate Abilities, Weirdness & Mutations

You have claws for hands.
You are partially covered in rugged brown scales (AC +1, +3% HP).
You are partially covered in sharp spines.
You have a pair of small horns on your head.
Your spells are a little harder to cast, but a little more powerful.


Message History

Unknown command.
You can feel time thicken for a moment.
You feel somewhat more hungry.
You can no longer step out of the time flow.
Cheibriados reduces the support of your attributes as your movement quickens.
Unknown command.
Unknown command.
You claw Maud! You headbutt Maud, but do no damage.
Maud is almost dead.
Maud barely misses you.
Unknown command.
Unknown command.
Evoke which item? (* to show all) (? for menu, Esc to quit)
Zapping:
I - a wand of cold (2)
Press: ? - help, Shift-Dir - straight line, f/p - Maud
Aim: Maud, wielding a demon trident of electrocution and wearing a plate armour (almost dead, poisoned)
The bolt of cold hits Maud.
Maud is almost dead.
This wand has 1 charge left.
Maud hits you with a demon trident of electrocution!!
You die...

.. ...##### ## .. .......... ##
..## ##... ......$..## ###. #...#
#..@.# ....##.....###... .#.#
####....#....###.....#....
..######.##..$.(#....##..........
..##..#...##...#@....####..≈.≈≈..
..........### #.@...# ##..≈≈≈..
......##..#.####.)..# ##.≈≈≈≈..
.............#.#)...# #....≈≈..
#.###.##..#...))..#.# #.......#
### #######..#.#.#### ###..#.## #
#...##### #...#### ## ##.## ###
#..## # .# ### ##.######..# ####
..... #....)..#..###...


You could see Maud.

Vanquished Creatures
  The ghost of youngkai the Severer, a journeyman MiBe of Trog (D:11)
  2 unseen horrors (D:11)
  An orc knight (Orc:3)
  3 hill giants
  An ugly thing (D:8)
  A centaur zombie (D:12)
  Maurice (D:8)
  2 centaur skeletons
  3 trolls
  A two-headed ogre (Orc:4)
  Grinder (D:6)
  Sigmund (D:6)
  5 vampire mosquitoes
  9 yaks
  A deep elf mage (D:9)
  A steam dragon (D:11)
  2 wasps (D:10)
  3 sky beasts
  A black bear (Temple)
  10 orc warriors
  A phantom (D:8)
  6 ogres
  6 centaurs
  A crocodile (D:11)
  5 giant frogs
  4 scorpions
  Dowan (D:6)
  3 killer bees (D:11)
  4 wights
  2 crimson imps
  6 hounds
  A jelly (D:9)
  21 orc wizards
  A giant frog skeleton (D:6)
  13 orc priests
  5 iguanas
  6 worker ants
  2 hound zombies
  A hound skeleton (D:4)
  3 gnolls (D:8)
  9 adders
  A shadow imp (D:11)
  2 oozes
  An adder zombie (D:8)
  2 giant geckos
  128 orcs
  3 bats
  2 giant cockroaches
  7 hobgoblins
  7 jackals
  A kobold (D:2)
  A quokka (D:3)
  A ball python (D:2)
  A giant gecko zombie (D:7)
  A giant newt (D:2)
  4 goblins
  A jackal skeleton (D:5)
  A jackal zombie (D:6)
  A quokka skeleton (D:5)
  A quokka zombie (D:7)
  3 rats
320 creatures vanquished.

Notes
Turn   | Place    | Note
--------------------------------------------------------------
     0 | D:1      | 4thArraOfDagon the Demonspawn Assassin began the quest for the Orb.
     0 | D:1      | Reached XP level 1. HP: 16/16 MP: 1/1
    37 | D:1      | Reached skill level 1 in Unarmed Combat
    98 | D:1      | Gained mutation: You have sharp fingernails. [demonic ancestry]
    98 | D:1      | Reached XP level 2. HP: 13/22 MP: 2/2
   435 | D:3      | Gained mutation: You have very sharp fingernails. [demonic ancestry]
   435 | D:3      | Reached XP level 3. HP: 25/27 MP: 3/3
   529 | D:4      | Reached XP level 4. HP: 26/33 MP: 4/4
   626 | D:5      | Entered Level 5 of the Dungeon
   762 | D:6      | Found Afoafa's Magic Scroll Shoppe.
   827 | D:4      | Reached skill level 4 in Unarmed Combat
   827 | D:4      | Reached XP level 5. HP: 34/38 MP: 5/5
   927 | D:6      | Noticed a centaur skeleton
   940 | D:6      | Killed a centaur skeleton
   940 | D:6      | Reached skill level 6 in Unarmed Combat
   940 | D:6      | Gained mutation: You are partially covered in rugged brown scales (AC +1, +3% HP). [demonic ancestry]
   940 | D:6      | Reached XP level 6. HP: 32/45 MP: 6/6
   951 | D:6      | Found a staircase to the Ecumenical Temple.
   956 | D:6      | Noticed a black bear
   957 | D:6      | Noticed Grinder
   958 | D:6      | Noticed a giant frog
   960 | Temple   | Entered the Ecumenical Temple
   973 | Temple   | Became a worshipper of Cheibriados the Contemplative
  1001 | Temple   | Killed a black bear
  1001 | Temple   | Reached XP level 7. HP: 14/51 MP: 7/7
  1009 | Temple   | Killed a giant frog
  1009 | Temple   | Reached skill level 7 in Unarmed Combat
  1162 | D:6      | HP: 2/51 [wight/hand axe (1)]
  1179 | D:6      | Paralysed by Grinder for 3 turns
  1182 | D:6      | HP: 1/51 [Grinder/nerve-wracking pain (3)]
  1193 | Temple   | RIP
  1447 | D:6      | Paralysed by Grinder for 7 turns
  1727 | D:3      | Reached * piety under Cheibriados
  1807 | D:2      | Reached skill level 1 in Shields
  1988 | D:5      | Noticed a centaur
  2004 | D:5      | Killed a centaur
  2004 | D:5      | Reached skill level 8 in Unarmed Combat
  2062 | D:6      | Paralysed by Grinder for 5 turns
  2086 | D:6      | Killed Grinder
  2086 | D:6      | Gained mutation: You have claws for hands. [demonic ancestry]
  2086 | D:6      | Reached XP level 8. HP: 43/57 MP: 8/8
  2109 | D:6      | Bought a scroll of teleportation for 39 gold pieces
  2109 | D:6      | Bought a scroll of magic mapping for 45 gold pieces
  2109 | D:6      | Bought a scroll of identify for 26 gold pieces
  2109 | D:6      | Bought a scroll of identify for 26 gold pieces
  2164 | D:6      | Noticed Sigmund
  2217 | D:6      | Killed Sigmund
  2217 | D:6      | Reached skill level 9 in Unarmed Combat
  2231 | D:6      | Noticed Dowan
  2257 | D:6      | Killed Dowan
  2406 | D:7      | Found a radiant altar of Vehumet.
  2406 | D:7      | Found a deep blue altar of Sif Muna.
  2501 | D:6      | Reached skill level 1 in Dodging
  2554 | D:8      | Noticed Maurice
  2575 | D:7      | Reached ** piety under Cheibriados
  2632 | D:7      | Reached skill level 1 in Invocations
  2762 | D:8      | Found a stormy altar of Qazlal.
  2797 | D:8      | Gained mutation: You are partially covered in sharp spines. [demonic ancestry]
  2797 | D:8      | Reached XP level 9. HP: 60/63 MP: 10/10
  2902 | D:8      | Noticed a brown ugly thing
  2919 | D:8      | Killed a brown ugly thing
  2986 | D:8      | Reached *** piety under Cheibriados
  2986 | D:8      | Reached skill level 10 in Unarmed Combat
  3146 | D:8      | Killed Maurice
  3217 | D:10     | Entered Level 10 of the Dungeon
  3369 | D:10     | Gained mutation: You have a pair of small horns on your head. [mutagenic meat]
  3370 | D:10     | Gained mutation: You can breathe flames. [mutagenic meat]
  3371 | D:10     | Lost mutation: You can breathe flames. [mutagenic meat]
  3372 | D:10     | Gained mutation: Your spells are a little harder to cast, but a little more powerful. [mutagenic meat]
  3470 | D:10     | Got a translucent long sword
  3475 | D:10     | Reached **** piety under Cheibriados
  3476 | D:10     | Noticed a hill giant
  3486 | D:10     | Killed a hill giant
  3486 | D:10     | Reached skill level 5 in Invocations
  3486 | D:10     | Reached XP level 10. HP: 51/75 MP: 13/13
  3570 | D:10     | Reached skill level 5 in Shields
  3578 | D:10     | Reached skill level 11 in Unarmed Combat
  3668 | D:10     | Noticed Nergalle
  3752 | D:11     | Noticed youngkai's ghost (journeyman MiBe)
  3758 | D:11     | Was placed under penance by Cheibriados
  3768 | D:11     | Killed youngkai's ghost
  3768 | D:11     | Reached skill level 5 in Fighting
  3811 | D:11     | HP: 3/76 [troll (5)]
  3815 | D:11     | Was forgiven by Cheibriados
  3826 | D:11     | no regen for you!
  3850 | D:11     | Found a staircase to the Orcish Mines.
  3909 | D:11     | Killed an unseen horror
  3981 | D:13     | Noticed a five-headed hydra
  4018 | D:12     | Reached XP level 11. HP: 62/83 MP: 16/16
  4282 | D:11     | Noticed a hill giant
  4288 | D:11     | Killed a hill giant
  4383 | D:11     | Reached skill level 5 in Dodging
  4388 | D:11     | Killed an unseen horror
  4388 | D:11     | Reached skill level 12 in Unarmed Combat
  4645 | D:13     | Noticed a four-headed hydra
  4645 | D:13     | Noticed a hill giant
  4647 | D:13     | WHY
  4654 | D:12     | Killed a hill giant
  4733 | Orc:1    | Entered Level 1 of the Orcish Mines
  4755 | Orc:1    | Found a shimmering altar of Xom.
  4909 | Orc:2    | Reached ***** piety under Cheibriados
  5361 | Orc:4    | Entered Level 4 of the Orcish Mines
  5476 | Orc:3    | Found Guavy's Antique Weapon Boutique.
  5707 | Orc:3    | Noticed Maud
  5724 | Orc:3    | Demolished by Maud

Action                   |  1- 3 |  4- 6 |  7- 9 | 10-12 || total
-------------------------+-------+-------+-------+-------++-------
Melee: Dagger            |    99 |    32 |       |       ||   131
       Unarmed           |       |    22 |   420 |   408 ||   850
 Fire: Blowgun           |    11 |    20 |    12 |     4 ||    47
Invok: Temporal Distorti |       |       |       |     5 ||     5
       Slouch            |       |       |       |     6 ||     6
Evoke: Wand              |       |       |       |     7 ||     7
  Use: Potion            |       |     1 |     2 |     5 ||     8
       Scroll            |       |     3 |    12 |     4 ||    19
 Stab: Distracted        |       |       |       |     1 ||     1
       Sleeping          |       |       |       |     1 ||     1
  Eat: Chunk             |       |       |     9 |     5 ||    14
       Pizza             |       |       |     2 |       ||     2
       Beef jerky        |       |       |       |     1 ||     1
       Fruit             |       |       |       |     1 ||     1
